 Dungeon Crawl Stone Soup version 0.30.1-3-gfc49f6343a (webtiles) character file.

Game seed: 11376889731516716838

1487 H0rd4k the Sneak (level 8, -6/51 HPs)
             Began as an Octopode Artificer on July 27, 2023.
             Mangled by a troll (14 damage)
             ... on level 7 of the Dungeon.
             The game lasted 00:03:54 (5981 turns).

H0rd4k the Sneak (Octopode Artificer)               Turns: 5981, Time: 00:03:54

Health: -6/51      AC:  1    Str: 11    XL:     8   Next: 80%
Magic:  8/8        EV: 16    Int: 15    God:
Gold:   412        SH:  5    Dex: 19    Spells: 7/7 levels left

rFire   + .          .
                       - Unarmed
rCold   x . .        (no shield)
rNeg    . . .        (helmet restricted)
rPois   .            m - amulet of reflection
rElec   .            g - ring of fire
rCorr   .            C - +6 ring of dexterity
SInv    .            (no ring)
Will    .....        (no ring)
Stlth   +++++        (no ring)
HPRegen 0.28/turn    (no ring)
MPRegen 0.11/turn    (no ring)
                     (no ring)

%: reflection
@: lethally poisoned (-6 -> -7)
A: almost no armour, amphibious, 8 rings, camouflage 1, gelatinous body 1,
(nimble swimmer 1), tentacles
a: no special abilities


You were on level 7 of the Dungeon.
You visited 1 branch of the dungeon, and saw 7 of its levels.

You collected 412 gold pieces.

Inventory:

Hand Weapons
 e - a +4 whip
Missiles
 h - 6 poisoned darts
Jewellery
 g - a ring of fire (left tentacle)
 m - an amulet of reflection (around mantle)
 C - a +6 ring of dexterity (right tentacle)
Wands
 b - a wand of flame (1) (quivered)
 c - a wand of charming (33)
 d - a wand of iceblast (4)
 s - a wand of mindburst (14)
Scrolls
 a - 8 scrolls of identify {unknown}
 j - a scroll of teleportation {unknown}
 k - 7 scrolls of amnesia {unknown}
 l - 2 scrolls of immolation {unknown}
 n - 2 scrolls of torment {unknown}
 p - a scroll of blinking {unknown}
 q - 3 scrolls of fog {unknown}
 r - 2 scrolls of silence {unknown}
 t - a scroll of butterflies {unknown}
 u - a scroll of enchant weapon {unknown}
 y - 3 scrolls of vulnerability {unknown}
 D - a scroll of brand weapon {unknown}
 F - a scroll of enchant armour {unknown}
Potions
 f - 2 potions of brilliance {unknown}
 i - a potion of flight {unknown}
 o - 3 potions of heal wounds {unknown}
 v - a potion of magic {unknown}
 w - 2 potions of lignification {unknown}
 x - a potion of curing {unknown}
 z - a potion of haste {unknown}
 A - a potion of berserk rage {unknown}
 B - 2 potions of might {unknown}
 E - a potion of invisibility {unknown}
 G - 2 potions of ambrosia {unknown}


   Skills:
 + Level 2.5 Fighting
 + Level 5.1 Dodging
 + Level 6.8 Stealth
 + Level 2.3 Shields
 + Level 6.5 Unarmed Combat
 + Level 4.9 Evocations


You had 7 spell levels left.
You didn't know any spells.
Your spell library contained the following spells:

 Spells                   Type           Power      Damage    Failure   Level
 Sublimation of Blood     Necr           0%         N/A       38%         2
 Ignite Poison            Fire/Tmut/Pois 0%         N/A       63%         3
 Petrify                  Tmut/Erth      0%         N/A       95%         4
 Sticky Flame             Conj/Fire      0%         2d3       95%         4
 Irradiate                Conj/Tmut      0%         3d11      100%        5
 Summon Forest            Summ/Tloc      0%         N/A       100%        5
 Summon Mana Viper        Hex/Summ       0%         N/A       100%        5
 Summon Cactus Giant      Summ           0%         N/A       100%        6
 Ignition                 Fire           0%         3d3       100%        8


Dungeon Overview and Level Annotations

Branches:
Dungeon (7/15)
 Temple: D:4-7

Altars:
Ashenzari
Fedhas
Wu Jian

Shops:
D:1 (

Annotations:
D:3 exclusion: oklob plant


Innate Abilities, Weirdness & Mutations

You cannot wear most types of armour.
You are amphibious.
You can wear up to eight rings at the same time.
Your skin changes colour to match your surroundings (Stealth+).
Your rubbery body absorbs attacks. (AC +1, EV +1)
((You are camouflaged when in or above water. (Stealth+)))
You have tentacles for arms and can constrict up to eight enemies at once.


Message History

You kill the kobold!
You feel sick.
The kobold hits you with a +0 dagger of venom.
You are more poisoned.
You completely miss the kobold. Your grab misses the kobold.
You feel sick. You block the kobold's attack. The kobold misses you.
You tentacle-slap the kobold.
You kill the kobold!
You feel sick. You block the kobold's attack.
You bludgeon the troll! You squeeze the troll.
The troll is moderately wounded.
You feel sick. The kobold barely misses you. The troll barely misses you.
You block the troll's attack. The troll closely misses you.
You tentacle-slap the troll but do no damage.
The troll is moderately wounded.
You feel sick.
You tentacle-slap the troll.
You squeeze the troll, but do no damage.
The troll is moderately wounded.
You feel sick. The kobold barely misses you. You block the troll's attack.
The troll claws you. The troll closely misses you.
You tentacle-slap the troll but do no damage.
Your squeeze misses the troll.
The troll is moderately wounded.
You feel sick. The kobold hits you but does no damage.
The troll closely misses you. The troll misses you.
The troll barely misses you.
You bludgeon the troll!
The troll is heavily wounded.
You feel sick. The kobold completely misses you. The troll closely misses you.
The troll misses you. The troll barely misses you.
You closely miss the troll.
The troll is heavily wounded.
The kobold barely misses you. The troll bites you. The troll barely misses you.
The troll claws you!
Unknown command.
The troll attacks as you move away! The troll bites you!
* * * LOW HITPOINT WARNING * * *
The troll claws you!
You die...

#<# +.+ #.#
... #.#
.... ##.#
..... #..#
)8...####.#
.....K#.#
#KTK#.#
#@#.# #.#.#
#.#.#
#.#.##
#....#
######


You could see a troll and 3 kobolds.

Vanquished Creatures
  2 ice beasts (D:6)
  3 black bears
  A centaur (D:5)
  A kobold brigand (D:7)
  A phantom (D:5)
  3 scorpions
  8 hounds
  A jelly (D:5)
  2 orc priests
  2 sleepcaps (D:6)
  2 iguanas (D:5)
  An orc wizard (D:6)
  6 adders
  2 worms
  A dart slug (D:1)
  12 orcs
  2 ball pythons
  2 endoplasms
  3 giant cockroaches
  6 goblins
  3 hobgoblins
  11 jackals
  2 quokkas
  11 bats
  3 frilled lizards (D:1)
  7 kobolds
  8 rats
106 creatures vanquished.

Vanquished Creatures (collateral kills)
  A scorpion (D:6)
1 creature vanquished.

Vanquished Creatures (others)
  An orc (D:3)
1 creature vanquished.

Grand Total: 108 creatures vanquished

Notes
Turn   | Place    | Note
-------+----------+-------------------------------------------
     0 | D:1      | H0rd4k the Octopode Artificer began the quest for the Orb.
     0 | D:1      | Reached XP level 1. HP: 13/13 MP: 1/1
   231 | D:1      | Found Weithass's Antique Weapon Shop.
   276 | D:1      | Reached XP level 2. HP: 14/18 MP: 2/2
   596 | D:1      | Reached XP level 3. HP: 14/23 MP: 3/3
   902 | D:2      | Reached skill level 1 in Unarmed Combat
  1372 | D:2      | Reached XP level 4. HP: 19/28 MP: 4/4
  2054 | D:3      | Reached XP level 5. HP: 11/33 MP: 5/5
  2659 | D:3      | Found a blossoming altar of Fedhas.
  2692 | D:3      | Noticed an oklob plant
  2955 | D:4      | Found a broken altar of Ashenzari.
  3579 | D:5      | Entered Level 5 of the Dungeon
  3639 | D:5      | Found an ornate altar of the Wu Jian Council.
  3644 | D:5      | Reached XP level 6. HP: 38/38 MP: 6/6
  3747 | D:5      | Noticed a black bear
  3755 | D:5      | Killed a black bear
  3756 | D:5      | Reached skill level 5 in Stealth
  3936 | D:5      | Reached XP level 7. HP: 40/43 MP: 7/7
  4357 | D:5      | Reached skill level 1 in Shields
  4926 | D:6      | Reached XP level 8. HP: 28/50 MP: 8/8
  5015 | D:6      | Reached skill level 5 in Unarmed Combat
  5788 | D:6      | Reached skill level 5 in Dodging
  5967 | D:7      | Noticed a troll
  5981 | D:7      | Mangled by a troll

Illustrated notes

Levels and vault maps discovered:
D:1:      scummos_arrival_star, layout_loops_ring, serial_shops, shop,
          minmay_misc_feat_doors, nicolae_concentric_dashed_squares_mild,
          minmay_stone_trees_small
D:2:      layout_basic, dreamdust_wishing_well, minmay_tetromino_s4
D:3:      layout_loops_corners, tgw_fedhas
D:4:      layout_basic, evilmike_ruin_ashenzari, kennysheep_boxes
D:5:      layout_gridville, mainiacjoe_overflow_small_starburst
D:6:      layout_basic, nicolae_elevator_lobby_asterisk
D:7:      layout_basic, old_standard_altar,
          minmay_temple_entry_statues_fountains, serial_shops,
          nicolae_book_shop_shelving, enter_bailey_3, minmay_fountain_box,
          corexii_item_surrounded_by_moat, hellmonk_guarded_unrand_lears

Skill      XL: |  1  2  3  4  5  6  7  8 |
---------------+-------------------------+-----
Evocations     | 4 |  4.9
Unarmed Combat | 1 2 3 4 6 |  6.5
Stealth        | 2 3 4 5 6 |  6.8
Dodging        | 3 4 5 |  5.1
Shields        | 1 2 |  2.3
Fighting       | 2 |  2.5

Action                     |  1- 3 |  4- 6 |  7- 9 || total
---------------------------+-------+-------+-------++-------
  Melee: Unarmed           |    90 |   111 |   128 ||   329
         Constrict         |    36 |    25 |    27 ||    88
         Tentacles         |    25 |    24 |    38 ||    87
         Punch             |       |     4 |     5 ||     9
  Evoke: Wand              |       |     6 |    15 ||    21
   Stab: Sleeping          |    13 |    11 |     3 ||    27
 Armour: Skin              |     4 |     6 |     2 ||    12
  Dodge: Dodged            |    52 |    60 |    91 ||   203
  Block: Other             |     4 |    15 |    28 ||    47
